AoeStats
← nguyenkhang90

Nomad

509371522Analyzed
2v2 RM · 7d ago on Sep 26, 2026· 66m 46s· 4 players
Game mode
Random Map
Map size
176×176
Population
200
Speed
Normal
Resources
Standard
Victory
Conquest
Starting age
Dark Age
Ending age
Imperial Age
RankedLock teamsTeams togetherTeam positionsShared explorationLock speedFull tech treeHidden civsTurbo modeCheats
Victory
Defeat
🇻🇳 Italians · Vietnam
1309
+17
🇻🇳 Koreans · Vietnam
1302
+17
🇦🇲 Spanish · Armenia
1330
-17
🇦🇲 Saracens · Armenia
1330
-17
haingocvo96
3:41 Loom
13:39 Feudal Age
18:37 Castle Age
17:25 Gold Mining
20:15 Horse Collar
20:22 Double-Bit Axe
29:24 Elite Skirmisher
37:01 Fletching
47:26 Bodkin Arrow
55:17 Imperial Age
55:37 Bow Saw
56:21 Bracer
58:13 Thumb Ring
61:18 Gold Shaft Mining
61:24 Ballistics
62:05 Chemistry
62:49 Light Cavalry
65:59 Husbandry
67:38 Wheelbarrow
67:22 Forging
67:18 Scale Barding Armor
nguyenkhang90
5:29 Loom
13:22 Feudal Age
14:09 Double-Bit Axe
15:44 Fishing Lines
23:19 Castle Age
21:12 Fletching
22:40 Stone Mining
24:15 Medium Warships
23:56 Gillnets
30:25 Clinker Construction
33:19 Wheelbarrow
37:03 Town Watch
40:38 Imperial Age
39:39 Gold Mining
40:24 Stone Shaft Mining
39:42 Horse Collar
41:54 Bodkin Arrow
41:59 Padded Archer Armor
44:55 Conscription
45:04 Bracer
45:51 Leather Archer Armor
48:31 Husbandry
48:42 Bloodlines
47:53 Light Cavalry
51:32 Stone Shaft Mining
52:45 Ring Archer Armor
52:22 Scale Barding Armor
52:28 Forging
53:57 Chemistry
55:33 Hand Cart
55:19 Town Patrol
55:48 Ballistics
55:16 Elite Genoese Crossbowman
59:43 Hussar
61:23 Chain Barding Armor
61:39 Iron Casting
67:41 Hoardings
67:18 Pirotechnia
ARMLEGION
13:37 Feudal Age
14:53 Fletching
24:03 Castle Age
22:17 Padded Archer Armor
25:05 Medium Warships
25:09 Bodkin Arrow
27:40 Wheelbarrow
36:11 Leather Archer Armor
42:59 Forging
46:31 Imperial Age
47:08 Elite Skirmisher
47:55 Thumb Ring
51:09 Double-Bit Axe
58:12 Bow Saw
61:42 Two-Man Saw
60:57 Scale Mail Armor
63:08 Squires
JAP
10:42 Loom
13:21 Feudal Age
17:26 Castle Age
15:16 Double-Bit Axe
15:47 Stone Mining
19:12 Gold Mining
27:06 Padded Archer Armor
29:09 Wheelbarrow
36:41 Leather Archer Armor
38:49 Hand Cart
40:14 Bloodlines
41:10 Husbandry
45:51 Imperial Age
43:44 Town Watch
44:46 Bow Saw
46:02 Horse Collar
46:55 Conscription
47:57 Stone Shaft Mining
51:38 Chemistry
51:54 Ring Archer Armor
52:22 Ballistics
52:08 Elite Conquistador
54:16 Fletching
54:59 Bodkin Arrow
58:40 Onager
59:48 Bracer
62:20 Hoardings
Connection lost

Rejoining the realm…

Still unreachable

The connection could not be restored.

Session expired

The server has moved on; the page needs a fresh start.